 Dungeon Crawl Stone Soup version 0.29.1-1-gd02db6906a (webtiles) character file.

Game seed: 12768472583841859165

12 Ashen the Firebug (level 2, -3/20 HPs)
             Began as a Demonspawn Fire Elementalist on Oct 12, 2022.
             Slain by a gnoll
             ... wielding a +0 flail
              (4 damage)
             ... on level 1 of the Dungeon.
             The game lasted 00:02:15 (1512 turns).

Ashen the Firebug (Demonspawn Fire Elementalist)    Turns: 1512, Time: 00:02:15

Health: -3/20      AC:  2    Str:  8    XL:     2   Next: 20%
Magic:  4/5        EV: 12    Int: 16    God:
Gold:   47         SH:  0    Dex: 13    Spells: 4/5 levels left

rFire   . . .      SeeInvis .   b - +1 short sword (protect)
rCold   . . .      Faith    .   (no shield)
rNeg    . . .      Spirit   .   a - +0 robe
rPois   .          Reflect  .   (no helmet)
rElec   .          Harm     .   (no cloak)
rCorr   .          Rampage  .   (no gloves)
Will    .....                   (no boots)
Stlth   ++........              (no amulet)
HPRegen 0.06/turn               (no ring)
MPRegen 0.09/turn               (no ring)

@: no status effects
A: claws 1
a: no special abilities


You were on level 1 of the Dungeon.
You visited 1 branch of the dungeon, and saw 2 of its levels.

You collected 47 gold pieces.

Inventory:

Hand Weapons
 b - a +1 short sword of protection (weapon)
Missiles
 j - 4 javelins
 l - a throwing net
Armour
 a - a +0 robe (worn)
Scrolls
 d - 3 scrolls of teleportation {unknown}
 e - a scroll of enchant weapon {unknown}
 f - a scroll of enchant armour {unknown}
 g - 3 scrolls of poison {unknown}
 i - 3 scrolls of identify {unknown}
Potions
 c - a potion of haste {unknown}
 h - 3 potions of invisibility {unknown}
 k - a potion of curing {unknown}
 m - a potion of mutation {unknown}


   Skills:
 + Level 0.4 Fighting
 + Level 1.8 Dodging
 + Level 1.9 Stealth
 * Level 2.1 Spellcasting
 * Level 1.3 Conjurations
 * Level 2.8 Fire Magic


You had 4 spell levels left.
You knew the following spells:

 Your Spells              Type           Power      Damage    Failure   Level
a - Foxfire               Conj/Fire      32%        2x1d5     9%          1

Your spell library contained the following spells:

 Spells                   Type           Power      Damage    Failure   Level
 Scorch                   Fire           20%        2d6       10%         2
 Conjure Flame            Conj/Fire      8%         6-21      26%         3
 Inner Flame              Hex/Fire       6%         N/A       34%         3
 Flame Wave               Conj/Fire      8%         2d5       65%         4
 Airstrike                Air            0%         2d(1-17)  90%         4
 Summon Lightning Spire   Summ/Air       1%         N/A       90%         4
 Lightning Bolt           Conj/Air       1%         1d12      99%         5


Dungeon Overview and Level Annotations

Branches:
Dungeon (2/15)

Altars:


Innate Abilities, Weirdness & Mutations

You have sharp fingernails.


Message History

The ball python is severely wounded.
The ball python closely misses you. The ball python completely misses you.
You closely miss the ball python.
The ball python is severely wounded.
The ball python bites you but does no damage.
The ball python barely misses you.
You barely miss the ball python.
The ball python is severely wounded.
The ball python bites you but does no damage.
The ball python grabs you. The ball python constricts you.
The ball python misses you. The ball python constricts you.
You hit the ball python.
Your weapon exudes an aura of protection.
You kill the ball python!
No target in view!
g - 3 scrolls labelled OSOCAO VY FOUB (gained 1)
h - 3 blue potions (gained 1) Done exploring.
Done exploring.
Done exploring.
There is an open door here.
There is a stone staircase leading down here.
You climb downwards.
A gnoll comes into view. It is wielding a +0 flail.
The gnoll hits you with a +0 flail!
Ouch! That really hurt!
There is a stone staircase leading up, spattered with blood here.
The gnoll shouts!
The gnoll hits you from afar with a +0 spear!
* * * LOW HITPOINT WARNING * * *
The gnoll closely misses you.
You climb upwards.
There is a stone staircase leading down here.
You barely miss the gnoll. The gnoll barely misses you.
You are too injured to fight recklessly!
You are too injured to fight recklessly!
Casting: Foxfire (safe; 9% risk of failure)
Confirm with . or Enter, or press ? or * to list all spells.
You conjure some foxfire!
The gnoll hits you with a +0 flail.
You die...

....####....# .8..#
##...### 8.8.# ##....##
_8..## ###.).### 8.8..#
#......# .8...#
#......# .....#
#...)..# .....#
#....v.### ...###
#....v@'.##############
...#
#.....g#.#.............
...#
#......#.#.###########.
#### ########.#.# #.
#.#.# #.
#.#.###########.
#######.#...........#.
#.....#.###########.#.
#.###.#.............#.


You could see a gnoll (ally target).

Vanquished Creatures
  An endoplasm (D:2)
  2 goblins (D:1)
  A quokka (D:1)
  A ball python (D:1)
  2 bats (D:1)
  4 kobolds (D:1)
  2 rats (D:1)
13 creatures vanquished.

Vanquished Creatures (others)
  26 foxfires
26 creatures vanquished.

Grand Total: 39 creatures vanquished

Notes
Turn   | Place    | Note
-------+----------+-------------------------------------------
     0 | D:1      | Ashen the Demonspawn Fire Elementalist began the quest for
                  | the Orb.
     0 | D:1      | Reached XP level 1. HP: 13/13 MP: 3/3
   125 | D:1      | You fall into a shaft and drop 1 floor!
   364 | D:1      | Found a faded altar of an unknown god.
   670 | D:1      | Gained mutation: You have sharp fingernails. [demonic
                  | ancestry]
   670 | D:1      | Reached XP level 2. HP: 4/19 MP: 5/5
  1509 | D:2      | HP: 1/20 [gnoll/+0 spear (7)]
  1512 | D:1      | Slain by a gnoll

Illustrated notes

Levels and vault maps discovered:
D:1:      eino_arrival_water_star, layout_basic,
          chequers_ecumenical_altar_simple_redux
D:2:      layout_loops_ring

Action                   || total
-------------------------++-------
Melee: Unarmed           ||    13
       Short sword       ||     8
 Cast: Foxfire           ||    21
  Use: Potion            ||     1
Armor: Robe              ||    10
Dodge: Dodged            ||    28
